 Dungeon Crawl Stone Soup version 0.29-a0-643-ga013cefcf8 (webtiles) character file.

Game seed: 17850504861136870137

2160 KingMieszko3 the Basher (level 9, 0/75 HPs)
             Began as a Minotaur Fighter on June 19, 2022.
             Was a Priest of Okawaru.
             Succumbed to an orc wizard's poison
             ... on level 7 of the Dungeon.
             The game lasted 01:23:08 (7239 turns).

KingMieszko3 the Basher (Minotaur Fighter)          Turns: 7239, Time: 01:23:09

Health: 0/75       AC: 15    Str: 32    XL:     9   Next: 10%
Magic:  8/8        EV:  8    Int:  5    God:    Okawaru [***...]
Gold:   286        SH: 10    Dex:  9    Spells: 8/8 levels left

rFire   . . .      SeeInvis .   a - +0 flail
rCold   . . .      Faith    .   c - +0 buckler
rNeg    . . .      Spirit   .   I - +0 plate armour
rPois   .          Reflect  +   (helmet restricted)
rElec   .          Harm     .   (no cloak)
rCorr   .          Rampage  .   (no gloves)
Will    .....                   k - +0 pair of boots
Stlth   ..........              x - amulet of reflection
HPRegen 0.22/turn               e - +6 ring of strength
MPRegen 0.11/turn               (no ring)

@: lethally poisoned (0 -> -28)
A: horns 2, retaliatory headbutt
a: Renounce Religion, Heroism


You were on level 7 of the Dungeon.
You worshipped Okawaru.
Okawaru was most pleased with you.
You visited 2 branches of the dungeon, and saw 8 of its levels.

You collected 286 gold pieces.

Inventory:

Hand Weapons
 a - a +0 flail (weapon)
Missiles
 q - 13 poisoned darts (quivered)
 s - 3 curare-tipped darts
 A - 5 javelins
Armour
 b - a +0 scale mail
 c - a +0 buckler (worn)
 k - a +0 pair of boots (worn)
 D - a +0 chain mail
 I - a +0 plate armour (worn)
Magical Staves
 u - a staff of earth
Jewellery
 e - a +6 ring of strength (left hand)
 l - an amulet of magic regeneration
 x - an amulet of reflection (around neck)
Wands
 y - a wand of mindburst (4)
 B - a wand of quicksilver (7)
 C - a wand of flame (24)
 H - a wand of polymorph (31)
Scrolls
 f - 6 scrolls of identify {unknown}
 m - a scroll of summoning {unknown}
 n - 8 scrolls of teleportation {unknown}
 p - 2 scrolls of magic mapping {unknown}
 r - 2 scrolls of enchant weapon {unknown}
 z - a scroll of immolation {unknown}
 G - a scroll of amnesia {unknown}
Potions
 d - 3 potions of might
 g - a potion of degeneration {unknown}
 h - 3 potions of cancellation
 i - 3 potions of lignification {unknown}
 j - 2 potions of haste {unknown}
 o - 4 potions of mutation {unknown}
 t - a potion of berserk rage {unknown}
 v - a potion of curing {unknown}
 w - a potion of magic {unknown}
 E - a potion of attraction {unknown}
 F - 2 potions of flight {unknown}
 J - a potion of invisibility {unknown}
 K - 2 potions of heal wounds {unknown}


   Skills:
 + Level 6.1 Fighting
 + Level 9.6 Maces & Flails
 + Level 8.6 Armour
 + Level 2.8 Dodging
 + Level 0.6 Stealth
 + Level 5.8 Shields


You had 8 spell levels left.
You didn't know any spells.
Your spell library was empty.

Dungeon Overview and Level Annotations

Branches:
Dungeon (7/15)             Temple (1/1) D:4

Altars:
Ashenzari
Cheibriados
Elyvilon
Gozag
Kikubaaqudgha
Okawaru
Qazlal
Ru
Sif Muna
Trog
Wu Jian
Xom
Yredelemnul
Zin
The Shining One

Shops:
D:1 ?   D:2 [


Innate Abilities, Weirdness & Mutations

You have a pair of horns on your head.
You reflexively headbutt those who attack you in melee.


Message History

a +0 dagger; a +0 robe; an orc corpse You feel extremely sick.
There is an open door here.
You feel very sick.
You start resting.
You feel very sick. Something hits you but does no damage.
You are more poisoned.
You barely miss something.
You feel very sick.
You barely miss something. Your headbutt misses something.
You feel very sick. You block something's attack.
You closely miss something. Your headbutt misses something.
You feel very sick. Something hits you but does no damage.
You are more poisoned.
You miss something. Your headbutt misses something.
You feel very sick. Something hits you but does no damage.
You are lethally poisoned!
You barely miss something.
* * * LOW HITPOINT WARNING * * *
You feel very sick.
You hear some strange, mumbled words.
A puff of flame appears from out of thin air!
The puff of flame hits you.
* * * LOW HITPOINT WARNING * * *
You thump something!
* * * LOW HITPOINT WARNING * * *
You feel very sick. Something hits you but does no damage.
You are more poisoned.
It was a potion of cancellation.
You feel magically purged.
* * * LOW HITPOINT WARNING * * *
You feel very sick. Something hits you but does no damage.
You are more poisoned.
You closely miss something. Your headbutt misses something.
You die...

#......# #......# ## ##
#......# #≈≈ ≈≈#
##......##
##≈≈.###.≈≈##........##
#≈≈.##_##.≈≈#.........#
##≈≈.#...#.≈≈########...
#≈≈≈.#...#.≈≈≈# #.<.
#≈≈.##@##.≈≈### ####
#≈≈≈≈#{#≈≈≈≈#.# ###
#≈≈≈8)8≈≈≈##.# #..
##≈≈.).≈≈##.## ##.
###8.8###..###### ##
#...##........####.
#8.8##........##...
##.###......).###..
#..............#..


There were no monsters in sight!

Vanquished Creatures
  2 water moccasins (D:5)
  2 ice beasts
  An orc warrior (D:7)
  A sky beast (D:6)
  An ogre (D:4)
  3 centaurs
  3 bullfrogs (D:7)
  2 necrophages
  2 scorpions (D:4)
  A howler monkey (D:7)
  A jelly (D:7)
  2 orc priests
  2 hounds
  A gnoll shaman (D:7)
  8 iguanas
  6 orc wizards
  7 gnolls
  5 adders
  2 white imps (D:6)
  2 ufetubi
  A dart slug (D:4)
  19 orcs
  5 bats
  8 endoplasms
  3 giant cockroaches
  3 hobgoblins (D:1)
  5 jackals
  4 quokkas
  9 ball pythons
  2 frilled lizards
  3 goblins
  4 kobolds
  13 rats (D:1)
133 creatures vanquished.

Notes
Turn   | Place    | Note
-------+----------+-------------------------------------------
     0 | D:1      | KingMieszko3 the Minotaur Fighter began the quest for the
                  | Orb.
     0 | D:1      | Reached XP level 1. HP: 19/19 MP: 0/0
   256 | D:1      | Reached XP level 2. HP: 25/27 MP: 1/1
   423 | D:1      | Found a faded altar of an unknown god.
   445 | D:1      | Prayed at the altar of an unknown god.
   445 | D:1      | Became a worshipper of Ru the Awakened
   465 | D:1      | Found Gulaetzyl's Magic Scroll Boutique.
  1259 | D:2      | Found Ofogots's Armour Boutique.
  1274 | D:2      | Reached skill level 3 in Maces & Flails
  1274 | D:2      | Reached XP level 3. HP: 32/33 MP: 2/2
  2471 | D:4      | Reached XP level 4. HP: 28/41 MP: 3/3
  2638 | D:4      | Found a glowing golden altar of the Shining One.
  2638 | D:4      | Found a glowing silver altar of Zin.
  2638 | D:4      | Found a white marble altar of Elyvilon.
  2696 | D:4      | Reached skill level 4 in Maces & Flails
  2709 | D:4      | Noticed an ogre
  2725 | D:4      | HP: 2/41 [quokka (2)]
  2726 | D:4      | Killed an ogre
  2727 | D:4      | Reached skill level 5 in Maces & Flails
  2727 | D:4      | Reached XP level 5. HP: 2/47 MP: 4/4
  3065 | D:4      | Reached skill level 5 in Armour
  3065 | D:4      | Reached skill level 1 in Dodging
  3112 | D:4      | Found a staircase to the Ecumenical Temple.
  3123 | D:4      | Reached XP level 6. HP: 21/53 MP: 5/5
  3745 | Temple   | Entered the Ecumenical Temple
  3896 | Temple   | Fell from the grace of Ru
  3896 | Temple   | Became a worshipper of Warmaster Okawaru
  3958 | D:5      | Entered Level 5 of the Dungeon
  3969 | D:5      | Reached skill level 6 in Maces & Flails
  3972 | D:5      | Noticed a water moccasin
  3978 | D:5      | Killed a water moccasin
  3983 | D:5      | Noticed an ice beast
  3992 | D:5      | Reached XP level 7. HP: 51/60 MP: 6/6
  3999 | D:5      | Reached * piety under Okawaru
  4001 | D:5      | Reached skill level 5 in Fighting
  4016 | D:5      | Reached skill level 7 in Maces & Flails
  4686 | D:5      | Found a broken altar of Ashenzari.
  5485 | D:6      | Reached XP level 8. HP: 60/69 MP: 7/7
  5707 | D:6      | Reached skill level 8 in Maces & Flails
  5781 | D:6      | Reached skill level 5 in Shields
  6193 | D:6      | Found a shimmering altar of Xom.
  6682 | D:7      | Reached ** piety under Okawaru
  6738 | D:7      | Reached skill level 9 in Maces & Flails
  7051 | D:7      | Reached *** piety under Okawaru
  7052 | D:7      | Reached XP level 9. HP: 62/75 MP: 8/8
  7221 | D:7      | Found a shimmering blue altar of Sif Muna.
  7239 | D:7      | Succumbed to an orc wizard's poison

Illustrated notes

Levels and vault maps discovered:
D:1:      mushboom_english_gardens, layout_loops_corners,
          shapermc_ecumenical_altar_starsandcircs, serial_shops, shop_fountains,
          dk_noncrumbling_3, minmay_misc_feat_encased,
          chequers_decorated_corner, minmay_rat_gold_closets
D:2:      layout_basic, serial_shops, nicolae_diamond_shop
D:3:      layout_basic, ebering_dispersal_statue_hall
D:4:      layout_basic, good_gods_mini_temple, minmay_temple_entry_proselytizer,
          chequers_jeans, minmay_distorted
D:5:      layout_layer_cave, lemuel_doored_altar
D:6:      layout_rooms, mainiacjoe_overflow_alcove_2
D:7:      nicolae_cairo_tiling_large_dashed, layout_rooms,
          kennysheep_orc_sif_temple, serial_corexii_hall,
          corexii_hall_statues_i, chequers_hall_statues_y
Temple:   kb_temple_of_zot

Skill      XL: |  1  2  3  4  5  6  7  8 |
---------------+-------------------------+-----
Armour         | 4 5 6 8 |  8.6
Fighting       | 4 5 6 |  6.1
Maces & Flails | 3 5 6 7 9 |  9.6
Shields        | 4 5 |  5.8
Dodging        | 1 2 |  2.8
Stealth        | |  0.6

Action                   |  1- 3 |  4- 6 |  7- 9 || total
-------------------------+-------+-------+-------++-------
Melee: Flail             |   112 |    61 |   196 ||   369
       Headbutt          |     9 |     9 |    32 ||    50
  Use: Potion            |       |       |     1 ||     1
Armor: Scale mail        |    49 |    22 |    36 ||   107
       Plate armour      |       |       |    44 ||    44
       Chain mail        |       |       |     8 ||     8
Dodge: Dodged            |    57 |    33 |    56 ||   146
Block: Buckler           |    21 |    14 |    78 ||   113
       Reflection        |       |       |     6 ||     6

Table legend: (Time is in decaauts)
 A = Elapsed time spent in this place.
 B = Non-inter-level travel time spent in this place.
 C = Inter-level travel time spent in this place.
 D = Time resting spent in this place.
 E = Time spent auto-exploring this place.
 F = Levels seen in this place.
 G = Mean time per level.
                   A        B        C        D        E       F      G
               +--------+--------+--------+--------+--------+-----+--------+
         Total |   7291 |   6798 |    493 |   1363 |   3616 |   8 |  911.4 |
       Dungeon |   7110 |   6640 |    470 |   1363 |   3523 |   7 | 1015.7 |
        Temple |    180 |    157 |     23 |      0 |     93 |   1 |  180.0 |
               +--------+--------+--------+--------+--------+-----+--------+

Top non-repeatable levels by time:
     D:5: 1555 daAuts
     D:4: 1469 daAuts
     D:1: 1250 daAuts
     D:6: 879 daAuts
     D:3: 708 daAuts
     D:2: 685 daAuts
     D:7: 561 daAuts
  Temple: 180 daAuts
